 Dungeon Crawl Stone Soup version 0.31.0-11-ge490571c62 (webtiles) character file.

Game seed: 16297023300895283786

352 dialectric the Covert (level 6, -2/32 HPs)
             Began as a Spriggan Brigand on Jan 28, 2024.
             Incinerated by a bombardier beetle (4 damage)
             ... with a burning spray
             ... on level 6 of the Dungeon.
             The game lasted 00:03:29 (2121 turns).

dialectric the Covert (Spriggan Brigand)            Turns: 2121, Time: 00:03:30

Health: -2/32      AC:  5    Str: 10    XL:     6   Next: 35%
Magic:  7/7        EV: 19    Int: 12    God:
Gold:   196        SH:  5    Dex: 19    Spells: 5/5 levels left

rFire   . . .        a - +2 dagger
rCold   . . .        (no shield)
rNeg    . . .        q - +2 robe "Moised Qelay" {Str+3}
rPois   .            (helmet restricted)
rElec   .            c - +0 cloak
rCorr   .            (gloves unavailable)
SInv    +            (boots unavailable)
Will    +....        o - amulet of reflection
Stlth   ++           (no ring)
HPRegen 0.25/turn    (no ring)
MPRegen 0.10/turn

%: reflection
@: on fire, glowing, very quick
A: very small, no large weapons, unfitting armour, see invisible, speed 3
a: no special abilities


You were on level 6 of the Dungeon.
You visited 1 branch of the dungeon, and saw 6 of its levels.

You collected 196 gold pieces.

Inventory:

Hand Weapons
 a - a +2 dagger (weapon)
Missiles
 d - 15 poisoned darts
 e - 3 curare-tipped darts (quivered)
Armour
 b - a +0 robe
 c - a +0 cloak (worn)
 q - the +2 robe "Moised Qelay" (worn) {Str+3}
   (You found it on level 4 of the Dungeon)

   Str+3:     It affects your strength (+3).
Jewellery
 m - a ring of wizardry
 n - a ring of ice
 o - an amulet of reflection (around neck)
 s - an amulet of guardian spirit
Scrolls
 i - a scroll of poison {unknown}
 j - a scroll of identify {unknown}
 t - a scroll of enchant weapon {unknown}
Potions
 f - 2 potions of curing
 g - 2 potions of brilliance {unknown}
 h - a potion of cancellation {unknown}
 k - a potion of attraction {unknown}
 l - a potion of ambrosia {unknown}
 p - a potion of enlightenment {unknown}
 r - a potion of mutation {unknown}


   Skills:
 + Level 2.5 Fighting
 + Level 3.9 Short Blades
 + Level 2.4 Throwing
 + Level 3.8 Dodging
 + Level 8.5 Stealth
 - Level 0.2 Shields


You had 5 spell levels left.
You didn't know any spells.
Your spell library contained the following spells:

 Spells                   Type           Power      Damage    Failure   Level
 Frozen Ramparts          Ice            0%         1d1       69%         3
 Leda's Liquefaction      Alch/Erth      0%         N/A       97%         4
 Petrify                  Alch/Erth      0%         N/A       97%         4
 Metabolic Englaciation   Hex/Ice        0%         N/A       100%        5


Dungeon Overview and Level Annotations

Branches:
Dungeon (6/15)
 Temple: D:4-7

Altars:
Okawaru

Annotations:
D:3 Robin


Innate Abilities, Weirdness & Mutations

You are very small and have problems with some larger weapons.
You are too small for most types of armour.
You have supernaturally acute eyesight. (SInv)
You cover ground extremely quickly. (Speed+++)


Message History

The liquid fire burns you!
* * * LOW HITPOINT WARNING * * *
The bombardier beetle completely misses you.
You hit the bombardier beetle but do no damage.
The bombardier beetle is severely wounded.
The liquid fire burns you!
* * * LOW HITPOINT WARNING * * *
You completely miss the bombardier beetle.
The bombardier beetle is severely wounded.
The liquid fire burns you!
* * * LOW HITPOINT WARNING * * *
The bombardier beetle closely misses you.
You completely miss the bombardier beetle.
The bombardier beetle is severely wounded.
The liquid fire burns you!
* * * LOW HITPOINT WARNING * * *
Unknown command.
It was a potion of curing.
You feel better. The liquid fire burns you!
* * * LOW HITPOINT WARNING * * *
You block the bombardier beetle's attack.
Unknown command.
You feel better. The liquid fire burns you!
* * * LOW HITPOINT WARNING * * *
Unknown command.
You barely miss the bombardier beetle.
The bombardier beetle is severely wounded.
The liquid fire burns you!
* * * LOW HITPOINT WARNING * * *
The bombardier beetle bites you.
* * * LOW HITPOINT WARNING * * *
You hit the bombardier beetle.
The bombardier beetle is severely wounded.
The liquid fire burns you!
* * * LOW HITPOINT WARNING * * *
You hit the bombardier beetle.
The bombardier beetle is severely wounded.
The liquid fire burns you!
You die...

#################
#...............#
##.############.#
#.#..........#.#
#.#.........<..#
#.#####...#######
#...............#
#######...#####@#
#...##....B..#
#...##.......#
#...##.......#
#...##.......#
#...#####.####
#...# #.. #...#
###


You could see a bombardier beetle.

Vanquished Creatures
  A black bear (D:6)
  A centaur (D:4)
  A scorpion (D:5)
  An orc wizard (D:4)
  4 adders
  4 dart slugs
  An orc (D:4)
  5 endoplasms
  5 giant cockroaches
  11 goblins
  5 hobgoblins
  3 quokkas
  A ball python (D:1)
  9 bats
  3 frilled lizards
  2 kobolds (D:4)
  3 rats
60 creatures vanquished.

Notes
Turn   | Place    | Note
-------+----------+-------------------------------------------
     0 | D:1      | dialectric the Spriggan Brigand began the quest for the
                  | Orb.
     0 | D:1      | Reached XP level 1. HP: 10/10 MP: 2/2
    21 | D:1      | Reached skill level 6 in Stealth
    83 | D:1      | Reached XP level 2. HP: 14/14 MP: 3/3
   492 | D:1      | Found a faded altar of an unknown god.
   547 | D:2      | Found an iron altar of Okawaru.
   649 | D:2      | Reached XP level 3. HP: 7/18 MP: 4/4
   800 | D:2      | Reached skill level 7 in Stealth
  1199 | D:4      | Noticed Robin
  1259 | D:4      | Reached XP level 4. HP: 23/23 MP: 5/5
  1408 | D:4      | Identified the +2 robe "Moised Qelay" {Str+3}
  1433 | D:4      | Noticed a centaur
  1436 | D:4      | Killed a centaur
  1437 | D:4      | Reached skill level 8 in Stealth
  1437 | D:4      | Reached XP level 5. HP: 26/26 MP: 6/6
  1645 | D:5      | Entered Level 5 of the Dungeon
  1819 | D:6      | Noticed a black bear
  1826 | D:6      | Killed a black bear
  1827 | D:6      | Reached XP level 6. HP: 32/32 MP: 7/7
  2121 | D:6      | Incinerated by a bombardier beetle

Illustrated notes

Levels and vault maps discovered:
D:1:      pf_arrival_petrified_forest, layout_rooms,
          shapermc_ecumenical_altar_petra
D:2:      layout_rooms, basic_altar, serial_bayou_lake_a
D:3:      layout_rooms
D:4:      layout_basic, mainiacjoe_overflow_cross_hatched,
          minmay_misc_feat_rows, uniq_robin
D:5:      layout_rooms, uniq_sigmund, uniq_blork_the_orc
D:6:      cheibrodos_thug_alley, layout_basic, nicolae_gozag_seed_capital,
          minmay_alternating_orb

Skill      XL: |  1  2  3  4  5 |
---------------+----------------+-----
Stealth        | 6 7 8 |  8.5
Fighting       | 2 |  2.5
Short Blades   | 3 |  3.9
Dodging        | 2 3 |  3.8
Throwing       | |  2.4
Shields        | |  0.2

Action                     |  1- 3 |  4- 6 || total
---------------------------+-------+-------++-------
  Melee: Dagger            |   106 |   123 ||   229
         Punch             |     3 |       ||     3
  Throw: Dart              |     3 |       ||     3
    Use: Potion            |       |     2 ||     2
   Stab: Sleeping          |    14 |     4 ||    18
 Armour: Robe              |    21 |    36 ||    57
  Dodge: Dodged            |    57 |    75 ||   132
  Block: Other             |     6 |    21 ||    27
         Reflection        |     1 |       ||     1
